omghax, neutral male scurrid Tourist -+- .@d |dd omghax the Rambler Experience level: 1 Strength: 13 Dexterity: 10 Constitution: 14 Intelligence: 15 Wisdom: 10 Charisma: 13 Health: 0(9) Energy: 2(2) Def: 0 Gold: 1938 Moves: 61 Dungeon seed: fmkZyhS6cIGjlrzS Game ID: omghax_1498613392 Your Inventory: Coins $ - 1938 gold pieces Weapons a - 44 uncursed +2 darts (in quiver) Armor e - an uncursed +0 Hawaiian shirt (being worn) Comestibles b - 6 uncursed food rations c - 4 uncursed fortune cookies d - an uncursed tin of jackal meat f - an uncursed tin of spinach Scrolls h - 4 uncursed scrolls of magic mapping Potions g - 2 uncursed potions of extra healing Wands k - an uncursed wand of secret door detection (0:13) Tools i - an uncursed expensive camera (0:58) j - an uncursed credit card l - an uncursed oil lamp (0:1219) Spells and supernatural/magical abilities: Name Level Category Fail Memory W - pray for help -- divine ? -- Your skills at the end: Miscellaneous Skills wands [Basic] Weapon Skills dart [Basic] Spellcasting Skills Final Attributes: You were devoutly aligned. You had infravision. You were very stealthy. You are dead. Vanquished creatures: a grid bug Voluntary challenges: You went without food. You did not adorn yourself with jewelry or accessories. You did not cause conflict. You were not invisible. You did not have reflection. You were not displaced. You were an atheist. You never hit with a wielded weapon. You were a pacifist. You did not use tools. You did not use plumbed fixtures. You did not drink any magical draughts. You were illiterate. You never genocided any monsters. You never polymorphed an object. You never changed form. You used no wishes. You never split a pudding. You never wrote Elbereth's name. You never violated your personal moral code. Dungeon overview: The Dungeons of Doom: levels 1 to 17 Level 1 a long staircase Level 2 Level 3 Level 4 Level 5 Level 6 an altar to Offler Level 7 Level 8 Level 9 Level 10 Level 11 Level 12 Level 13 Level 14 Level 15 Level 16 Level 17 <- You were here History has recorded: On T:1 you entered the Dungeons of Doom to retrieve the Amulet of Yendor! On T:25 you reached level 2 of The Dungeons of Doom. On T:28 you reached level 3 of The Dungeons of Doom. On T:30 you reached level 4 of The Dungeons of Doom. On T:32 you reached level 5 of The Dungeons of Doom. On T:34 you reached level 6 of The Dungeons of Doom. On T:37 you reached level 7 of The Dungeons of Doom. On T:39 you reached level 8 of The Dungeons of Doom. On T:43 you reached level 10 of The Dungeons of Doom. On T:47 you reached level 11 of The Dungeons of Doom. On T:49 you reached level 12 of The Dungeons of Doom. On T:52 you reached level 13 of The Dungeons of Doom. On T:54 you reached level 14 of The Dungeons of Doom. On T:56 you reached level 15 of The Dungeons of Doom. On T:56 you entered the Rogue tribute level. On T:58 you reached level 16 of The Dungeons of Doom. On T:61 you reached level 17 of The Dungeons of Doom. Score breakdown: Gold: 1034 ( 103 points) Experience: 1 level ( 0 points) Exploration: 17 levels ( 480 points) Discoveries: 0 items ( 0 points) Variety of kills: 1 monster ( 50 points) Major goal: (nothing yet) ( 0 points) Survival: died (score multiplied by 3) Total score: 1899 Latest messages: You continue digging downward. You dig a hole through the floor. You fall through... You enter what seems to be an older, more primitive world. You receive a faint telepathic message from Twoflower: Your help is urgently needed at Ankh-Morpork! Look for a ...ic transporter. You couldn't quite make out that last message. You start digging downward. You continue digging downward. You dig a pit in the floor. You continue digging downward. You dig a hole through the floor. You fall through... You start digging downward. You continue digging downward. You dig a pit in the floor. You continue digging downward. You dig a hole through the floor. You fall through... The winter wolf cub bites! (2x) You die... Final status: Aloha omghax the Tourist, killed by a winter wolf cub... You died in The Dungeons of Doom on dungeon level 17 with 1899 points, and 1938 pieces of gold, after 61 moves. You were level 1 with a maximum of 9 hit points when you died.